cohdb
Replays
Latest Replays
All Replays
Popular Replays
Top Player Replays
Match Explorer
How It Works
Community
CoH3 Stats
Reddit
Sign in to upload your games and track your stats! →
Sign in with Steam
Match 42551285
Unlisted
Match 42551285
Overview
Messages
Build Orders
End
Kradschützen Motorcycle Team
Selects Italian Infantry
Panzergrenadier Squad
Panzergrenadier Squad
Construct Light Support Kompanie
250 Light Carrier
Construct Light Support Kompanie
Fire Support Elements
Selects Defensive Operations
Flakvierling Half-track
Assault Mechanized Group
Selects Guastatori Squad
Selects L6/40 Light Tank Combat Group
L6/40 Light Tank Combat Group
Panzerjäger Mechanized Group
Selects Prepared Positions
Pak 38 Anti-tank Gun Team
Construct Panzerarmee Kommand
Selects Towed Cannone da 105/28 Field Howitzer
Walking Stuka Rocket Launcher
Pak 38 Mechanized Group
SomStalker
Summer Snow
matjouz
Sarmynation
0
0
Comments
sign in to comment!
No comments posted yet!